 Dungeon Crawl Stone Soup version 0.22-a0-91-g23542c2 (webtiles) character file.

974 KristoblXynda the Insei (level 7, -4/51 HPs)
             Began as a Grey Draconian Monk on Jan 22, 2018.
             Was a High Priest of Ru.
             Killed by nerve-wracking pain
             ... invoked by an orc priest
              (14 damage)
             ... on level 5 of the Dungeon.
             The game lasted 00:08:48 (5256 turns).

KristoblXynda the Insei (Grey Draconian Monk)       Turns: 5256, Time: 00:08:49

Health: -4/51      AC:  3    Str: 14    XL:     7   Next: 95%
Magic:  10/10      EV: 17    Int: 11    God:    Ru [*****.]
Gold:   250        SH:  0    Dex: 14    Spells: 6/6 levels left

rFire    . . .     SeeInvis .     - Unarmed
rCold    . . .     Gourm    .   (no shield)
rNeg     . . .     Faith    .   (armour unavailable)
rPois    .         Spirit   .   (helmet restricted)
rElec    .         Reflect  .   c - scarf {rC+ rF+}
rCorr    .         Harm     .   (no gloves)
MR       .....                  (no boots)
Stlth    +.........             (no amulet)
HPRegen  0.17/turn              (no ring)
MPRegen  0.12/turn              e - +2 ring of evasion

@: confused, corroded, very slightly contaminated, invisible
A: walk through water, unfitting armour, frail 1, unbreathing, cold-blooded,
temperature sensitive, AC +11
a: Draw Out Power, Power Leap, Apocalypse, Renounce Religion


You were on level 5 of the Dungeon.
You worshipped Ru.
Ru was extremely pleased with you.
You were not hungry.

You visited 1 branch of the dungeon, and saw 5 of its levels.

You collected 250 gold pieces.

Inventory:

Missiles
 d - 2 throwing nets (quivered)
Armour
 c - a scarf of resistance (worn)
Jewellery
 e - a +2 ring of evasion (right hand)
Wands
 k - a wand of clouds (5)
Scrolls
 b - a scroll of amnesia {unknown}
 g - a scroll of fear
 h - a scroll of blinking
 i - 3 scrolls of remove curse
 j - 2 scrolls of enchant weapon {unknown}
 n - 2 scrolls of identify
Potions
 f - a potion of haste
 m - a potion of flight
 p - a potion of curing {unknown}
 q - a potion of agility {unknown}
Comestibles
 a - 5 rations
 r - a chunk of flesh


   Skills:
 - Level 3.2 Fighting
 + Level 5.8 Dodging
 - Level 1.7 Stealth
 + Level 6.4 Unarmed Combat
 + Level 4.2 Evocations


You had 6 spell levels left.
You didn't know any spells.

Dungeon Overview and Level Annotations

Branches:
Dungeon (5/15)
 Temple: D:4-7

Altars:
Ashenzari
Nemelex Xobeh
Ru
Zin
The Shining One


Innate Abilities, Weirdness & Mutations

You can walk through water.
Your dull iron-grey scales are very hard. (AC +11)
You cannot fit into any form of body armour.
You are frail. (-10% HP)
You can survive without breathing.
You are cold-blooded and may be slowed by cold attacks.
You are sensitive to extremes of temperature. (rF-, rC-)


Message History

You hit the jelly but do no damage.
Your hands burn!
* * * LOW HITPOINT WARNING * * *
The jelly is severely wounded.
The orc priest calls down the wrath of Beogh upon the jelly.
The jelly writhes in agony!
The jelly dies!
You redirect the shadow imp's attack!
The orc priest invokes the aid of Beogh against you.
Pain shoots through your body!
* * * LOW HITPOINT WARNING * * *
You focus your will and blind the orc priest in retribution!
The orc priest begins to cast a cantrip, but forgets the words!
A frilled lizard comes into view.
You're too confused!
Unknown command.
The orc priest hits you but does no damage.
The orc priest misses you.
The orc priest invokes the aid of Beogh against something.
Pain shoots through your body!
You die...

..# .... .#..# .
....## #.. #....
###...
###.oo###....#
#.l..o.o.....##
l.###o.#5o.....
##)@.###### #.
#...# #?####..##
#....#..|##
#......# .. #
###.#..># ... #.
##.##....#
..)### #.## #..#
#....
#....###..###.##
####


You could see 4 orc priests, a shadow imp, an orc and a frilled lizard
(wandering).

Vanquished Creatures
  Grinder (D:3)
  A hornet zombie (D:3)
  An ogre (D:5)
  A scorpion (D:4)
  2 howler monkeys (D:4)
  A centaur skeleton (D:4)
  3 orc priests (D:4)
  A gnoll shaman (D:2)
  An orc wizard (D:5)
  Terence (D:3)
  Natasha (twice) (D:3)
  4 adders
  5 gnolls
  4 oozes
  An adder zombie (D:5)
  3 worms
  4 dart slugs
  A leopard gecko (D:1)
  11 orcs
  5 giant cockroaches
  4 goblins
  5 hobgoblins
  2 jackals (D:3)
  A quokka (D:2)
  A ball python (D:2)
  4 bats
  2 frilled lizards (D:2)
  6 kobolds
  2 rats (D:3)
80 creatures vanquished.

Vanquished Creatures (others)
  A jelly (D:5)
1 creature vanquished.

Grand Total: 81 creatures vanquished

Notes
Turn   | Place    | Note
-------+----------+-------------------------------------------
     0 | D:1      | KristoblXynda the Draconian Monk began the quest for the Orb.
     0 | D:1      | Reached XP level 1. HP: 19/19 MP: 1/1
    43 | D:1      | Reached XP level 2. HP: 26/26 MP: 2/2
   594 | D:1      | Reached XP level 3. HP: 22/31 MP: 3/3
  1214 | D:2      | Found a sparkling altar of Nemelex Xobeh.
  1343 | D:2      | Found a glowing silver altar of Zin.
  1395 | D:2      | Found a sacrificial altar of Ru.
  1788 | D:2      | Became a worshipper of Ru the Awakened
  1807 | D:2      | Gained mutation: You are frail. (-10% HP) [Ru sacrifice]
  1807 | D:2      | Reached * piety under Ru
  1807 | D:2      | Reached ** piety under Ru
  1884 | D:2      | Reached skill level 4 in Unarmed Combat
  1907 | D:2      | Found a shattered altar of Ashenzari.
  1907 | D:2      | Found a glowing golden altar of the Shining One.
  2030 | D:2      | Reached XP level 4. HP: 27/34 MP: 4/4
  2729 | D:3      | Reached XP level 5. HP: 40/40 MP: 5/5
  2740 | D:3      | Noticed Terence
  2794 | D:3      | Killed Terence
  2956 | D:3      | Reached skill level 1 in Evocations
  3136 | D:3      | Noticed Natasha
  3149 | D:3      | Killed Natasha
  3237 | D:3      | Found a faded altar of an unknown god.
  3276 | D:3      | Noticed Natasha
  3282 | D:3      | Killed Natasha
  3407 | D:3      | Noticed Grinder
  3414 | D:3      | Paralysed by Grinder for 6 turns
  3455 | D:3      | Killed Grinder
  3455 | D:3      | Reached skill level 5 in Unarmed Combat
  3455 | D:3      | Reached XP level 6. HP: 29/45 MP: 7/7
  3491 | D:3      | Reached skill level 5 in Dodging
  3725 | D:3      | Your scales start taking on a dull iron-grey colour.
  3725 | D:3      | Reached XP level 7. HP: 6/51 MP: 9/9
  3725 | D:3      | Gained mutation: You can survive without breathing. [Grey Draconian growth]
  4497 | D:4      | Gained mutation: You are sensitive to extremes of temperature. (rF-, rC-) [Ru sacrifice]
  4497 | D:4      | Reached *** piety under Ru
  4497 | D:4      | Reached **** piety under Ru
  4497 | D:4      | Reached ***** piety under Ru
  4670 | D:4      | Reached skill level 6 in Unarmed Combat
  5078 | D:5      | Entered Level 5 of the Dungeon
  5256 | D:5      | Killed from afar by an orc priest

Vault maps used:
D:1:      nzn_arrival_settlement
D:2:      nemelex_xobeh_ov_fountains_minmay, gammafunk_temple_overflow_statue,
          lemuel_coloured_pillars_altar, nicolae_ru_path_of_blood
D:3:      first_ration, chequers_ecumenical_altar_grove, uniq_terence,
          uniq_natasha, uniq_grinder
D:5:      kennysheep_little_box, uniq_prince_ribbit1

Skill      XL: |  1  2  3  4  5  6  7 |
---------------+----------------------+-----
Dodging        | 3 4 5 |  5.8
Unarmed Combat | 4 5 6 |  6.4
Evocations     | 2 3 4 |  4.2
Fighting       | |  3.2
Stealth        | |  1.7

Action                   |  1- 3 |  4- 6 |  7- 9 || total
-------------------------+-------+-------+-------++-------
Melee: Unarmed           |   104 |   220 |   144 ||   468
       Tailslap          |    15 |    28 |    25 ||    68
       Punch             |     1 |     7 |     3 ||    11
Invok: Sacrifice Health  |     1 |       |       ||     1
       Sacrifice Resista |       |       |     1 ||     1
Evoke: Wand              |       |     1 |       ||     1
  Use: Scroll            |     2 |     4 |     2 ||     8
       Potion            |       |     2 |     2 ||     4
 Stab: Sleeping          |     4 |     4 |       ||     8
       Invisible         |       |     1 |     1 ||     2
       Confused          |       |     1 |       ||     1
  Eat: Chunk             |     3 |     4 |       ||     7
       Ration            |       |     1 |     1 ||     2
Armor: Skin              |    19 |    19 |    31 ||    69
Dodge: Dodged            |    75 |   114 |   111 ||   300

Table legend:
 A = Spawn XP
 B = Non-spawn XP
 C = Spawn XP percentage of total XP
 D = Spawn monster count
 E = Non-spawn monster count
 F = Spawn count percentage of total count
 G = Total turns spent on level
                    A         B        C        D         E        F      G
               +---------+---------+-------+---------+---------+-------+---------
         Total |       0 |    1392 |   0.0 |       0 |      81 |   0.0 |  5256
               +---------+---------+-------+---------+---------+-------+---------
           D:1 |       0 |      52 |   0.0 |       0 |      12 |   0.0 |  1381
           D:2 |       0 |     122 |   0.0 |       0 |      17 |   0.0 |   802
           D:3 |       0 |     633 |   0.0 |       0 |      33 |   0.0 |  2062
           D:4 |       0 |     383 |   0.0 |       0 |      12 |   0.0 |   833
           D:5 |       0 |     202 |   0.0 |       0 |       7 |   0.0 |   178
               +---------+---------+-------+---------+---------+-------+---------
